 Dungeon Crawl Stone Soup version 0.26-a0-712-ga5a9c9c9d0 (webtiles) character file.

Game seed: 8200744492448206780

21094 kae the Transmogrifier (level 12, -2/103 HPs)
             Began as a Naga Transmuter on Nov 2, 2020.
             Was a High Priest of Cheibriados.
             Slain by a cane toad (4 damage)
             ... on level 1 of the Lair of Beasts.
             The game lasted 00:18:47 (24534 turns).

kae the Transmogrifier (Naga Transmuter)           Turns: 24534, Time: 00:18:47

Health: -2/103     AC:  8    Str: 27    XL:     12   Next: 86%
Magic:  18/18      EV: 15    Int: 26    God:    Cheibriados [*****.]
Gold:   903        SH:  0    Dex: 35    Spells: 2/15 levels left

rFire    . . .     SeeInvis +     - Unarmed
rCold    . . .     Faith    .   (shield currently unavailable)
rNeg     . . .     Spirit   .   a - +1 robe
rPois    +         Reflect  .   h - +2 hat
rElec    .         Harm     .   (no cloak)
rCorr    .         Rampage  .   (gloves currently unavailable)
MR       +....                  (no barding)
Stlth    ++++++....             F - amulet of magic regeneration
HPRegen  0.27/turn              n - +6 ring of dexterity
MPRegen  0.41/turn              j - +6 ring of dexterity

@: blade hands, very slow
A: large, see invisible, deformed body, poison resistance, slowness 2, spit
poison 1, AC +4
a: Spit Poison, End Transformation, Bend Time, Temporal Distortion, Slouch, Step
From Time, Renounce Religion


You were on level 1 of the Lair of Beasts.
You worshipped Cheibriados.
Cheibriados was extremely pleased with you.
You had blades for hands.
You visited 3 branches of the dungeon, and saw 15 of its levels.

You collected 903 gold pieces.

Inventory:

Armour
 a - a +1 robe (worn)
 h - a +2 hat (worn)
Jewellery
 j - a +6 ring of dexterity (right scythe-like blade)
 n - a +6 ring of dexterity (left scythe-like blade)
 s - an uncursed ring of protection from magic
 t - an uncursed ring of resist corrosion
 C - an uncursed amulet of the acrobat
 F - an amulet of magic regeneration (around neck)
Wands
 m - a wand of disintegration (24)
 u - a wand of polymorph (17)
 w - a wand of enslavement (13)
 y - a wand of acid (20)
 D - a wand of flame (13)
 J - a wand of iceblast (10)
Scrolls
 b - 2 scrolls of magic mapping
 e - 11 scrolls of remove curse
 v - 4 scrolls of enchant weapon
 x - 3 scrolls of fear
 z - 4 scrolls of teleportation
 B - 2 scrolls of blinking
 E - 2 scrolls of fog
 G - 2 scrolls of identify
 K - a scroll of enchant armour
 L - a scroll of immolation
Potions
 c - 2 potions of cancellation
 d - 4 potions of lignification
 f - 3 potions of ambrosia
 g - 6 potions of heal wounds
 i - 3 potions of stabbing
 k - 5 potions of magic
 l - 2 potions of mutation
 o - 2 potions of flight
 p - 2 potions of might
 q - 3 potions of berserk rage
 r - 2 potions of brilliance
 A - 2 potions of invisibility
 H - 2 potions of curing


   Skills:
 - Level 5.0 Fighting
 - Level 5.0 Armour
 - Level 5.0 Dodging
 + Level 9.7 Stealth
 - Level 10.0 Unarmed Combat
 - Level 2.0 Spellcasting
 - Level 12.1 Transmutations
 - Level 4.0 Ice Magic
 - Level 3.0 Poison Magic
 - Level 8.0 Invocations


You had 2 spell levels left.
You knew the following spells:

 Your Spells              Type           Power        Failure   Level
a - Beastly Appendage     Tmut           ######       6%          1
b - Spider Form           Tmut/Pois      #####.....   17%         3
c - Blade Hands           Tmut           ######....   21%         5
d - Ice Form              Ice/Tmut       #####...     28%         4

Your spell library contained the following spells:

 Spells                   Type           Power        Failure   Level
 Wereblood                Tmut           ######..     7%          2
 Corona                   Hex            #......      47%         1
 Magic Dart               Conj           #...         47%         1
 Pain                     Necr           #...         47%         1
 Blink                    Tloc           N/A          56%         2
 Call Imp                 Summ           #.......     56%         2
 Slow                     Hex            #.......     56%         2
 Mephitic Cloud           Conj/Pois/Air  #.......     63%         3
 Yara's Violent Unravell  Hex/Tmut       ####......   67%         5
 Conjure Flame            Conj/Fire      #.......     73%         3
 Inner Flame              Hex/Fire       #.......     73%         3
 Portal Projectile        Hex/Tloc       #.....       73%         3
 Cause Fear               Hex            #.........   96%         4
 Leda's Liquefaction      Hex/Erth       #.........   96%         4
 Silence                  Hex/Air        #.........   100%        5
 Discord                  Hex            #.........   100%        8


Dungeon Overview and Level Annotations

Branches:
Dungeon (13/15)            Temple (1/1) D:6            Lair (1/6) D:8
    Orc (0/2) D:9          Vaults (0/5) D:13

Altars:
Ashenzari
Cheibriados
Dithmenos
Elyvilon
Fedhas
Gozag
Hepliaklqana
Kikubaaqudgha
Makhleb
Nemelex Xobeh
Okawaru
Qazlal
Ru
Sif Muna
Trog
Uskayaw
Vehumet
Wu Jian
Xom
Yredelemnul
Zin
The Shining One
Beogh

Shops:
D:8 :

Annotations:
D:6 1 transporter


Innate Abilities, Weirdness & Mutations

You cannot wear boots.
Your serpentine skin is tough. (AC +4)
You have supernaturally acute eyesight. (SInv)
Armour fits poorly on your strangely shaped body.
Your system is resistant to poisons. (rPois)
You cover ground very slowly.
You can spit poison.


Message History

The basilisk gazes at you. You resist with almost no effort.
The cane toad stings you!!
* * * LOW HITPOINT WARNING * * *
The basilisk bites you!
* * * LOW HITPOINT WARNING * * *
The cane toad stings you but does no damage.
You turn to flesh and can move again.
Unknown command.
Unknown command.
Unknown command.
You slash the cane toad!
The cane toad is almost dead.
The cane toad closely misses you. The basilisk bites you!!
* * * LOW HITPOINT WARNING * * *
Unknown command.
You completely miss the cane toad.
The cane toad is almost dead.
The cane toad stings you.
You die...

#....##
#....#
#....#
#....##
#.....#
#.>..P#
#....##
#....#
#..@.#
#..Fl#
#$...#
#......
#.......
.........
.##........
#.
########..


You could see a cane toad and a basilisk.

Vanquished Creatures
  A yaktaur captain (D:13)
  A hydra (D:12)
  5 two-headed ogres
  Sonja (D:12)
  Nergalle (D:12)
  An unseen horror (D:12)
  Pikel (D:4)
  A deep elf mage (D:12)
  A cyclops (D:12)
  A manticore (D:11)
  A gargoyle (D:11)
  2 centaur skeletons
  A komodo dragon (D:8)
  2 yaktaurs (D:13)
  7 trolls
  A hornet (D:12)
  A wyvern (D:12)
  A vampire (D:12)
  The ghost of p0werm0de the Skirmisher, an amateur PaFi (D:5)
  8 yaks
  7 vampire mosquitoes
  A warg (D:9)
  A water moccasin (D:12)
  5 orc warriors
  5 ice beasts
  2 black bears (D:12)
  A sky beast (D:12)
  A necrophage (D:9)
  6 ogres
  5 centaurs
  3 big kobolds
  The ghost of raph the Gusty, an amateur DEAE (D:3)
  12 bullfrogs
  A gnoll sergeant (D:9)
  9 scorpions
  12 killer bees
  15 wights
  4 howler monkeys (D:10)
  An electric eel (D:8)
  A bullfrog zombie (D:9)
  2 centaur zombies
  A jelly (D:9)
  4 hounds
  4 bullfrog skeletons
  4 quasits
  11 orc priests
  Ijyb (D:4)
  7 iguanas
  Natasha (thrice) (D:4)
  5 orc wizards
  6 worker ants
  A hound zombie (D:9)
  3 hound skeletons
  A howler monkey zombie (D:10)
  3 gnolls (D:9)
  15 adders
  5 shadow imps
  A white imp (D:5)
  2 oozes (D:3)
  5 worms
  9 leopard geckos
  45 orcs
  12 bats
  2 giant cockroaches
  13 goblins
  2 hobgoblins
  4 quokkas
  4 ball pythons
  5 frilled lizards
  A jackal skeleton (D:4)
  22 kobolds
  A quokka zombie (D:8)
  14 rats
350 creatures vanquished.

Vanquished Creatures (others)
  A killer bee (D:12)
  6 fungi
  9 plants
16 creatures vanquished.

Grand Total: 366 creatures vanquished

Notes
Turn   | Place    | Note
-------+----------+-------------------------------------------
     0 | D:1      | kae the Naga Transmuter began the quest for the Orb.
     0 | D:1      | Reached XP level 1. HP: 18/18 MP: 3/3
   144 | D:1      | Reached XP level 2. HP: 20/25 MP: 3/5
  1151 | D:1      | Reached skill level 3 in Transmutations
  1155 | D:1      | Reached XP level 3. HP: 20/31 MP: 4/6
  1302 | D:1      | Learned a level 3 spell: Spider Form
  2113 | D:2      | Reached skill level 1 in Poison Magic
  2418 | D:2      | Reached XP level 4. HP: 17/38 MP: 5/7
  3503 | D:3      | Found a transporter.
  3506 | D:3      | Noticed raph's ghost (amateur DEAE)
  3507 | D:3      | Found a transporter.
  3941 | D:3      | Reached XP level 5. HP: 44/44 MP: 1/8
  3943 | D:3      | Reached skill level 4 in Transmutations
  4498 | D:3      | Reached XP level 6. HP: 29/51 MP: 3/9
  4802 | D:3      | Found a blossoming altar of Fedhas.
  5367 | D:4      | Found an iron altar of Okawaru.
  5416 | D:4      | Noticed Natasha
  5417 | D:4      | Reached skill level 5 in Transmutations
  5433 | D:4      | Killed Natasha
  5518 | D:4      | Noticed Ijyb
  5810 | D:4      | Noticed Natasha
  5837 | D:4      | Killed Natasha
  6123 | D:4      | Reached XP level 7. HP: 55/57 MP: 10/10
  6130 | D:4      | Learned a level 5 spell: Blade Hands
  6418 | D:4      | Found a stormy altar of Qazlal.
  6427 | D:4      | Killed Ijyb
  6572 | D:4      | Noticed Pikel
  6583 | D:4      | Killed Pikel
  6583 | D:4      | Reached skill level 5 in Unarmed Combat
  6583 | D:4      | Reached skill level 7 in Transmutations
  6583 | D:4      | Reached XP level 8. HP: 64/64 MP: 8/11
  6903 | D:5      | Entered Level 5 of the Dungeon
  7141 | D:5      | Noticed p0werm0de's ghost (amateur PaFi)
  7190 | D:5      | Found an ornate altar of the Wu Jian Council.
  7334 | D:5      | Found a transporter.
  7487 | D:5      | Found a transporter.
  7660 | D:5      | Reached skill level 8 in Transmutations
  8533 | D:6      | Found a staircase to the Ecumenical Temple.
  8605 | Temple   | Entered the Ecumenical Temple
  8898 | D:6      | Found a shimmering altar of Xom.
  8898 | D:6      | Found a glowing silver altar of Zin.
  8898 | D:6      | Noticed an angel
  9285 | D:6      | Found a sparkling altar of Nemelex Xobeh.
  9285 | D:6      | Found a transporter.
  9286 | D:6      | Noticed a gargoyle
  9392 | D:6      | Reached skill level 9 in Transmutations
  9396 | D:6      | Reached XP level 9. HP: 65/70 MP: 9/12
  9910 | D:7      | Found a sparkling altar of Nemelex Xobeh.
 10640 | D:7      | Reached skill level 10 in Transmutations
 12181 | D:8      | Found Mih Bent's Book Emporium.
 12702 | D:8      | Found a white marble altar of Elyvilon.
 12847 | D:8      | Found a radiant altar of Vehumet.
 12847 | D:8      | Found an ancient bone altar of Kikubaaqudgha.
 12849 | D:8      | Found a shimmering blue altar of Sif Muna.
 12852 | D:8      | Identified Kikubaaqudgha's Catalogue of Black Secrets
 12905 | D:8      | Found a hazy altar of Hepliaklqana.
 12910 | D:8      | HP: 2/70 [centaur (8)]
 12912 | D:8      | Noticed a komodo dragon
 13259 | D:8      | Killed a komodo dragon
 13259 | D:8      | Reached skill level 11 in Transmutations
 13388 | D:8      | Reached XP level 10. HP: 76/78 MP: 7/13
 13611 | D:8      | Found a staircase to the Lair.
 13798 | D:8      | Noticed a two-headed ogre
 13805 | D:8      | Killed a two-headed ogre
 14039 | D:8      | Found an opulent altar of Gozag.
 14040 | D:8      | Found a sparkling altar of Nemelex Xobeh.
 14183 | D:8      | Found a white marble altar of Elyvilon.
 15276 | D:3      | Killed raph's ghost
 15276 | D:3      | Reached skill level 12 in Transmutations
 15333 | D:4      | Noticed Natasha
 15341 | D:4      | Killed Natasha
 15446 | D:5      | Killed p0werm0de's ghost
 16267 | D:9      | Found a white marble altar of Elyvilon.
 16896 | D:9      | Found a snail-covered altar of Cheibriados.
 16912 | D:9      | Became a worshipper of Cheibriados the Contemplative
 17047 | D:9      | Reached skill level 10 in Unarmed Combat
 17286 | D:9      | Reached skill level 1 in Stealth
 17332 | D:9      | Found a staircase to the Orcish Mines.
 17508 | D:10     | Entered Level 10 of the Dungeon
 17632 | D:10     | Reached * piety under Cheibriados
 17816 | D:10     | Found an iron altar of Okawaru.
 17836 | D:10     | Reached XP level 11. HP: 60/88 MP: 10/14
 18143 | D:10     | Identified the +6 scimitar of the Heavens {vorpal, rF++
                  | rN+++ Str+3 Int-4}
 18532 | D:11     | Reached ** piety under Cheibriados
 18538 | D:11     | Reached skill level 5 in Stealth
 19143 | D:11     | Noticed a manticore
 19154 | D:11     | Killed a manticore
 19378 | D:11     | You fall into a shaft and drop 2 floors!
 19392 | D:13     | Noticed a yaktaur captain
 19402 | D:13     | Killed a yaktaur captain
 19402 | D:13     | Reached skill level 5 in Fighting
 19407 | D:13     | Reached skill level 5 in Dodging
 19407 | D:13     | Reached skill level 1 in Armour
 19607 | D:13     | Found a gate to the Vaults.
 19877 | D:13     | Reached *** piety under Cheibriados
 20216 | D:13     | Found a burning altar of Makhleb.
 20216 | D:13     | Noticed a cacodemon
 20299 | D:13     | Noticed a two-headed ogre
 20311 | D:13     | Killed a two-headed ogre
 20892 | D:13     | Found a snail-covered altar of Cheibriados.
 21054 | D:12     | Noticed a cyclops
 21062 | D:12     | Killed a cyclops
 21062 | D:12     | Reached skill level 5 in Armour
 21062 | D:12     | Reached skill level 1 in Invocations
 21265 | D:12     | Reached XP level 12. HP: 103/103 MP: 10/15
 21416 | D:12     | Noticed Sonja
 21425 | D:12     | Killed Sonja
 21469 | D:12     | Reached skill level 5 in Invocations
 21647 | D:12     | Reached **** piety under Cheibriados
 22023 | D:12     | Noticed a two-headed ogre
 22075 | D:12     | Killed a two-headed ogre
 22385 | D:12     | Noticed Nergalle
 22395 | D:12     | Killed Nergalle
 22518 | D:12     | Noticed a six-headed hydra
 22525 | D:12     | Learned a level 4 spell: Ice Form
 22531 | D:12     | Killed a six-headed hydra
 22531 | D:12     | Reached skill level 1 in Ice Magic
 23786 | D:11     | Found a roughly hewn altar of Beogh.
 23819 | D:11     | Noticed a two-headed ogre
 23823 | D:11     | Killed a two-headed ogre
 23934 | D:11     | Noticed a two-headed ogre
 23948 | D:11     | Killed a two-headed ogre
 24169 | D:11     | Reached ***** piety under Cheibriados
 24491 | Lair:1   | Entered Level 1 of the Lair of Beasts
 24533 | Lair:1   | HP: 2/103 [basilisk (18)]
 24534 | Lair:1   | Slain by a cane toad

Illustrated notes

Levels and vault maps discovered:
D:1:      heliophobic_arrival_ceremonial_halls, layout_basic,
          roderic_roman_lattice, serial_park_tiny_2
D:2:      layout_basic
D:3:      layout_loops_corners, fedhas_altar_3, gammafunk_ghost_arena
D:4:      layout_gridville, nicolae_qazlal_eye_of_the_storm, serial_forest,
          infiniplex_forest_end_2, infiniplex_forest_end_3,
          infiniplex_forest_zigzag_1, infiniplex_forest_clump_small,
          infiniplex_forest_lined_3_way, infiniplex_forest_clump_small,
          infiniplex_forest_lined_3, kennysheep_okawaru_gauntlet, uniq_pikel,
          uniq_ijyb, uniq_natasha
D:5:      layout_basic, lemuel_round_altar, gammafunk_ghost_stat_death,
          chequers_serial_rivers_marsh, minmay_bent
D:6:      layout_loops_cross, grunt_temple_overflow_order_and_chaos_1,
          minmay_temple_entry_hall, grunt_nemelex_the_gamble
D:7:      layout_basic, basic_altar
D:8:      layout_basic, grunt_temple_overflow_opulence,
          grunt_temple_overflow_magic_moments, lemuel_doored_altar,
          overflow_temple_1_default, grunt_lair_entry_orc_guard_hut,
          serial_shops, nicolae_shop_window_shopping, minivault_14,
          elyvilon_altar_4
D:9:      layout_irregular_city, cheibrodos_worm_habitat, david_orc_1_choice,
          basic_altar
D:10:     layout_roguey, basic_altar
D:11:     layout_roguey, st_stairs_1, david_defended_altar_orc
D:12:     layout_layer_cave, st_stairs_12, minmay_checkerbox, uniq_nergalle,
          uniq_sonja
D:13:     layout_basic, david_vaults_2, basic_altar, makhleb_altar_promises_db
Temple:   compressed_dpeg_triangle_lava_temple
Lair:1:   layout_cellular_growth, st_stairs_10, serial_bayou_shore_a

Skill      XL: |  1  2  3  4  5  6  7  8  9 10 11 12 |
---------------+-------------------------------------+-----
Transmutations | 3 4 5 7 9 11 12 | 12.1
Poison Magic   | 1 2 3 |  3.0
Unarmed Combat | 4 5 6 8 10 | 10.0
Stealth        | 4 5 9 |  9.7
Dodging        | 2 5 |  5.0
Fighting       | 2 5 |  5.0
Armour         | 5 |  5.0
Invocations    | 3 8 |  8.0
Ice Magic      | 4 |  4.0
Spellcasting   | |  2.0

Action                   |  1- 3 |  4- 6 |  7- 9 | 10-12 || total
-------------------------+-------+-------+-------+-------++-------
Melee: Unarmed           |   117 |   187 |   292 |   392 ||   988
       Headbutt          |     7 |     9 |       |       ||    16
       Punch             |       |     3 |       |    25 ||    28
 Cast: Beastly Appendage |    21 |    21 |       |     1 ||    43
       Spider Form       |       |    11 |    43 |     5 ||    59
       Blade Hands       |       |       |     2 |    73 ||    75
       Ice Form          |       |       |       |     1 ||     1
Invok: Bend Time         |       |       |       |     2 ||     2
 Abil: Spit Poison       |    20 |    16 |    12 |    12 ||    60
  Use: Scroll            |       |    10 |     3 |    22 ||    35
       Potion            |       |     1 |       |     1 ||     2
 Stab: Sleeping          |       |     1 |       |     7 ||     8
       Distracted        |       |       |       |     1 ||     1
Armor: Robe              |    43 |    26 |    11 |   100 ||   180
       Skin              |       |     3 |     7 |     3 ||    13
Dodge: Dodged            |    67 |   101 |   234 |   394 ||   796

Table legend: (Time is in decaauts)
 A = Elapsed time spent in this place.
 B = Non-inter-level travel time spent in this place.
 C = Inter-level travel time spent in this place.
 D = Time resting spent in this place.
 E = Time spent auto-exploring this place.
 F = Levels seen in this place.
 G = Mean time per level.
                   A        B        C        D        E       F      G
               +--------+--------+--------+--------+--------+-----+--------+
         Total |  31363 |  29035 |   2328 |   2081 |  24104 |  15 | 2090.9 |
       Dungeon |  30903 |  28632 |   2271 |   2081 |  23735 |  13 | 2377.2 |
        Temple |    399 |    343 |     56 |      0 |    343 |   1 |  399.0 |
          Lair |     60 |     60 |      0 |      0 |     26 |   1 |   60.0 |
               +--------+--------+--------+--------+--------+-----+--------+

Top non-repeatable levels by time:
    D:12: 4239 daAuts
     D:7: 3280 daAuts
     D:8: 2862 daAuts
    D:13: 2508 daAuts
     D:5: 2351 daAuts
     D:3: 2343 daAuts
     D:1: 2207 daAuts
    D:11: 2045 daAuts
     D:4: 1972 daAuts
     D:2: 1855 daAuts
    D:10: 1836 daAuts
     D:9: 1835 daAuts
     D:6: 1562 daAuts
  Temple: 399 daAuts
  Lair:1: 60 daAuts
